 Dungeon Crawl Stone Soup version 0.30-b1-2-g02819fbbbe (webtiles) character file.

Game seed: 8475224506316429556

254 tilp the Sneak (level 5, 0/36 (38) HPs)
             Began as a Vampire Enchanter on May 13, 2023.
             Slain by a wight
             ... wielding a +3 flail of freezing
              (3 damage)
             ... on level 4 of the Dungeon.
             The game lasted 00:04:31 (3178 turns).

tilp the Sneak (Vampire Enchanter)                  Turns: 3178, Time: 00:04:32

HP:   0/36 (38)     AC: 10    Str:  7    XL:     5   Next: 90%
MP:   2/9           EV: 13    Int: 20    God:
Gold: 195           SH:  0    Dex: 14    Spells: 2/10 levels left

rFire   . . .        a - +2 dagger
rCold   . . .        (no shield)
rNeg    . . .        b - +0 robe
rPois   .            (no helmet)
rElec   .            n - +0 cloak
rCorr   .            q - +0 pair of gloves
SInv    +            e - +1 pair of boots
Will    .....        (no amulet)
Stlth   +++          l - +4 ring of protection
HPRegen 0.46/turn    (no ring)
MPRegen 0.11/turn

%: no passive effects
@: healing quickly, drained
A: alive, fangs 3, see invisible, vampiric 2
a: Exsanguinate


You were on level 4 of the Dungeon.
You visited 1 branch of the dungeon, and saw 4 of its levels.

You collected 195 gold pieces.

Inventory:

Hand Weapons
 a - a +2 dagger (weapon)
Missiles
 f - a boomerang
 o - 4 curare-tipped darts (quivered)
Armour
 b - a +0 robe (worn)
 e - a +1 pair of boots (worn)
 n - a +0 cloak (worn)
 q - a +0 pair of gloves (worn)
Jewellery
 l - a +4 ring of protection (left hand)
Scrolls
 i - a scroll of teleportation
 j - a scroll of torment
 p - a scroll of blinking
 r - a scroll of amnesia
Potions
 c - a potion of invisibility
 d - a potion of heal wounds
 g - a potion of mutation {unknown}
 h - 2 potions of curing
 k - a potion of flight
 m - 2 potions of lignification
 s - a potion of haste


   Skills:
 * Level 1.9 Fighting
 * Level 3.1 Short Blades
 + Level 3.1 Dodging
 + Level 5.2 Stealth
 * Level 3.1 Spellcasting
 + Level 5.1 Hexes
 + Level 1.1 Ice Magic


You had 2 spell levels left.
You knew the following spells:

 Your Spells              Type           Power      Damage    Failure   Level
a - Ensorcelled Hibernat  Hex/Ice        30%        N/A       6%          2
b - Confusing Touch       Hex            23%        N/A       4%          3
c - Tukima's Dance        Hex            23%        N/A       4%          3

Your spell library contained the following spells:

 Spells                   Type           Power      Damage    Failure   Level
 Summon Small Mammal      Summ           12%        N/A       14%         1
 Dazzling Flash           Conj/Hex       26%        N/A       14%         3
 Summon Guardian Golem    Hex/Summ       13%        N/A       14%         3
 Call Canine Familiar     Summ           3%         N/A       38%         3


Dungeon Overview and Level Annotations

Branches:
Dungeon (4/15)
 Temple: D:4-7

Altars:
Fedhas


Innate Abilities, Weirdness & Mutations

Your natural rate of healing is accelerated.
You have razor-sharp teeth.
You have supernaturally acute eyesight. (SInv)
You are afflicted with vampirism and can become a bat while bloodless.


Message History

a +0 scimitar; a +0 robe A wight is nearby!
Casting: Confusing Touch (dangerous; 5% risk of failure)
Confirm with . or Enter, or press ? or * to list all spells.
Your hands begin to glow red.
You barely miss the wight.
The wight hits you with a +3 flail of freezing.
The wight freezes you.
You hit the wight but do no damage.
The wight appears confused.
The wight hits you with a +3 flail of freezing!
You feel drained. The wight freezes you.
You hit the wight but do no damage. You bite the wight, but do no damage.
The wight barely misses the wight.
You hit the wight but do no damage. You bite the wight, but do no damage.
The wight hits the wight with a +3 flail of freezing!
The wight freezes the wight.
The wight hits you with a +2 scimitar.
* * * LOW HITPOINT WARNING * * *
You feel drained.
* * * LOW HITPOINT WARNING * * *
The wight misses the wight.
Things that are here:
a +0 scimitar; a +0 robe
Casting: Confusing Touch (dangerous; 5% risk of failure)
Confirm with . or Enter, or press ? or * to list all spells.
Your hands begin to glow red.
Unknown command.
You hit the wight but do no damage.
The wight appears confused.
You bite the wight.
The wight is almost destroyed.
You strike the helpless wight from behind!
You puncture the wight!
You destroy the wight!
Your life force feels restored.
Your Dodging skill increases to level 3!
Your Ice Magic skill increases to level 1!
Unknown command.
The wight hits you with a +3 flail of freezing!
* * * LOW HITPOINT WARNING * * *
You feel drained.
You die...

....< ##....
#....# #[...# .
##....# ...
.....#
.....####).######
......z@.)......#
####.##.##......#
#.###.....# #.#
#.....#
#.#####†#####
#.##.......<# #
#.##.....#### #.
#.##.....# .###
#.....#


You could see a wight (confused).

Vanquished Creatures
  2 wights (D:4)
  A jelly (D:4)
  Jessica (D:3)
  4 adders
  A worm (D:2)
  3 dart slugs
  3 orcs
  8 ball pythons
  4 bats
  3 endoplasms
  A giant cockroach (D:4)
  6 hobgoblins
  3 frilled lizards
  6 goblins
  2 kobolds
  3 rats
51 creatures vanquished.

Notes
Turn   | Place    | Note
-------+----------+-------------------------------------------
     0 | D:1      | tilp the Vampire Enchanter began the quest for the Orb.
     0 | D:1      | Reached XP level 1. HP: 13/13 MP: 3/3
   165 | D:1      | Reached XP level 2. HP: 19/19 MP: 5/5
   243 | D:1      | Learned a level 2 spell: Ensorcelled Hibernation
  1150 | D:2      | Gained mutation: You are afflicted with vampirism and can
                  | become a bat while bloodless. [Vampire growth]
  1150 | D:2      | Reached XP level 3. HP: 25/25 MP: 1/6
  1947 | D:2      | Learned a level 3 spell: Confusing Touch
  2139 | D:3      | Noticed Jessica
  2147 | D:3      | Killed Jessica
  2148 | D:3      | Reached skill level 1 in Fighting
  2148 | D:3      | Reached XP level 4. HP: 32/32 MP: 4/8
  2890 | D:4      | Learned a level 3 spell: Tukima's Dance
  2947 | D:4      | Identified the +9 ring mail "Builukhlu" {rPois Dex+3}
  2954 | D:4      | Reached skill level 5 in Stealth
  2954 | D:4      | Reached XP level 5. HP: 22/37 MP: 3/9
  2954 | D:4      | Found a blossoming altar of Fedhas.
  2967 | D:4      | Reached skill level 5 in Hexes
  3177 | D:4      | Reached skill level 1 in Ice Magic
  3178 | D:4      | Slain by a wight

Illustrated notes

Levels and vault maps discovered:
D:1:      dpeg_arrival_concentric_ovals, layout_basic, serial_curves,
          eino_curves_01, eino_curves_02
D:2:      layout_basic
D:3:      layout_rooms, uniq_jessica
D:4:      layout_basic, nicolae_overflow_crystal_walls,
          gammafunk_ghost_necromancy

Skill      XL: |  1  2  3  4  5 |
---------------+----------------+-----
Short Blades   | 2 3 |  3.1
Fighting       | 1 |  1.9
Stealth        | 5 |  5.2
Hexes          | 5 |  5.1
Spellcasting   | 3 |  3.1
Dodging        | 3 |  3.1
Ice Magic      | 1 |  1.1

Action                     |  1- 3 |  4- 6 || total
---------------------------+-------+-------++-------
  Melee: Dagger            |    72 |    45 ||   117
         Bite              |    10 |     9 ||    19
         Punch             |     1 |       ||     1
   Cast: Ensorcelled Hiber |    15 |    15 ||    30
         Confusing Touch   |       |     4 ||     4
    Use: Scroll            |    10 |     4 ||    14
         Potion            |       |     1 ||     1
   Stab: Sleeping          |    16 |    11 ||    27
         Confused          |       |     3 ||     3
         Invisible         |       |     1 ||     1
 Armour: Robe              |    21 |    22 ||    43
  Dodge: Dodged            |    44 |    35 ||    79
